 Dungeon Crawl Stone Soup version 0.26-a0-537-g96b2eae49b (webtiles) character file.

Game seed: 3470490028633184223

154 ANON1729 the Sneak (level 5, 0/32 HPs)
             Began as a Kobold Brigand on Aug 14, 2020.
             Slain by a gnoll
             ... wielding a +0 spear
              (6 damage)
             ... on level 6 of the Dungeon.
             The game lasted 00:04:44 (2129 turns).

ANON1729 the Sneak (Kobold Brigand)                 Turns: 2129, Time: 00:04:44

Health: 0/32       AC:  4    Str:  8    XL:     5   Next: 62%
Magic:  5/5        EV: 15    Int: 12    God:
Gold:   170        SH:  0    Dex: 18    Spells: 4/4 levels left

rFire    . . .     SeeInvis .   g - +0 dagger (venom)
rCold    . . .     Faith    .   (shield restricted)
rNeg     . . .     Spirit   .   b - +0 robe
rPois    .         Reflect  .   (no helmet)
rElec    .         Harm     .   c - +0 cloak
rCorr    .                      h - +0 pair of gloves
MR       .....                  (no boots)
Stlth    +++++.....             (no amulet)
HPRegen  0.10/turn              (no ring)
MPRegen  0.09/turn              (no ring)

@: no status effects
A: small, nightstalker 3
a: no special abilities


You were on level 6 of the Dungeon.
You visited 1 branch of the dungeon, and saw 4 of its levels.

You collected 170 gold pieces.

Inventory:

Hand Weapons
 a - a +2 dagger
 g - a +0 dagger of venom (weapon)
Missiles
 d - 8 poisoned darts (quivered)
 e - 2 curare-tipped darts
Armour
 b - a +0 robe (worn)
 c - a +0 cloak (worn)
 h - a +0 pair of gloves (worn)
Scrolls
 i - a scroll of magic mapping
 j - a scroll of enchant armour
 l - a scroll of remove curse
 n - 2 scrolls of immolation
 p - a scroll of identify
Potions
 f - 3 potions of curing {unknown}
 k - a potion of flight {unknown}
 m - a potion of berserk rage {unknown}
 o - 2 potions of haste {unknown}


   Skills:
 + Level 3.1 Fighting
 * Level 4.5 Short Blades
 - Level 2.2 Throwing
 + Level 2.6 Dodging
 * Level 6.7 Stealth


You had 4 spell levels left.
You didn't know any spells.
Your spell library was empty.

Dungeon Overview and Level Annotations

Branches:
Dungeon (6/15)
 Temple: D:4-7

Altars:
Vehumet

Annotations:
D:6 exclusion: wight


Innate Abilities, Weirdness & Mutations

You are small and have problems with some larger weapons.
You are completely attuned to the shadows.


Message History

You hit the gnoll.
The gnoll is moderately wounded.
The gnoll misses you.
You hit the gnoll.
The gnoll is poisoned.
The gnoll is moderately wounded.
The gnoll barely misses you.
You kill the gnoll!
You see here 8 stones.
You start resting.
A gnoll is nearby!
You start resting.
The gnoll hits you with a +0 spear!
* * * LOW HITPOINT WARNING * * *
You hit the gnoll.
The gnoll is moderately wounded.
You hit the gnoll but do no damage.
The gnoll is poisoned.
The gnoll is moderately wounded.
The gnoll closely misses you.
The gnoll hits you from afar with a +0 spear.
You die...

### ######### #.##
###.#.##..## ##..#
#......#...#####...#
#...#........##....#
#..###....†...#....#
#...##....#@..#....#
#...#..##.#.......### .
####).##g(.#g...###...##..
#...>..#...#.....###......
#.....####....#....##.....
#...#.## #....#.....)...##
#..##..###.).#..##......#
... #....##..##.........##
...
......#...............#
#..


You could see a gnoll (very poisoned).

Vanquished Creatures
  5 gnolls (D:6)
  5 adders
  A dart slug (D:1)
  2 giant cockroaches
  10 goblins
  8 hobgoblins
  4 jackals (D:1)
  2 ball pythons
  8 bats
  2 frilled lizards
  7 kobolds
  7 rats
61 creatures vanquished.

Notes
Turn   | Place    | Note
-------+----------+-------------------------------------------
     0 | D:1      | ANON1729 the Kobold Brigand began the quest for the Orb.
     0 | D:1      | Reached XP level 1. HP: 12/12 MP: 1/1
    42 | D:1      | Reached XP level 2. HP: 17/17 MP: 2/2
   295 | D:1      | Reached XP level 3. HP: 21/22 MP: 3/3
   943 | D:2      | Reached skill level 6 in Stealth
  1024 | D:2      | Reached XP level 4. HP: 27/27 MP: 4/4
  1071 | D:2      | Found a radiant altar of Vehumet.
  1882 | D:3      | Reached XP level 5. HP: 32/32 MP: 5/5
  1883 | D:3      | You fall into a shaft and drop 3 floors!
  2129 | D:6      | Slain by a gnoll

Illustrated notes

Levels and vault maps discovered:
D:1:      shiori_arrival_oz, layout_loops_cross
D:2:      layout_basic, old_standard_altar, st_stairs_9, minivault_14
D:3:      layout_basic
D:6:      layout_cave_pools, tgw_sif, nicolae_tso_swordbearing_angel,
          bloody_makhleb

Skill      XL: |  1  2  3  4  5 |
---------------+----------------+-----
Short Blades   | 3 4 |  4.5
Stealth        | 6 |  6.7
Dodging        | 2 |  2.6
Fighting       | 3 |  3.1
Throwing       | |  2.2

Action                   |  1- 3 |  4- 6 || total
-------------------------+-------+-------++-------
Melee: Dagger            |    93 |    87 ||   180
  Use: Potion            |     1 |       ||     1
       Scroll            |       |     4 ||     4
 Stab: Sleeping          |    18 |     6 ||    24
       Distracted        |     1 |     1 ||     2
Armor: Robe              |    16 |    19 ||    35
Dodge: Dodged            |    64 |    51 ||   115

Table legend: (Time is in decaauts)
 A = Elapsed time spent in this place.
 B = Non-inter-level travel time spent in this place.
 C = Inter-level travel time spent in this place.
 D = Time resting spent in this place.
 E = Time spent auto-exploring this place.
 F = Levels seen in this place.
 G = Mean time per level.
                   A        B        C        D        E       F      G
               +--------+--------+--------+--------+--------+-----+--------+
         Total |   2094 |   2011 |     83 |    214 |   1300 |   4 |  523.5 |
       Dungeon |   2094 |   2011 |     83 |    214 |   1300 |   4 |  523.5 |
               +--------+--------+--------+--------+--------+-----+--------+

Top non-repeatable levels by time:
     D:2: 954 daAuts
     D:1: 858 daAuts
     D:6: 237 daAuts
     D:3: 44 daAuts
